 Dungeon Crawl Stone Soup version 0.27-a0-512-g57cc695410 (webtiles) character file.

Game seed: 7541807428169109108

22 kae the Skirmisher (level 2, -1/27 HPs)
             Began as a Hill Orc Fighter on Mar 3, 2021.
             Slain by a gnoll
             ... wielding a +0 spear
              (7 damage)
             ... on level 1 of the Dungeon.
             The game lasted 00:00:16 (747 turns).

kae the Skirmisher (Hill Orc Fighter)                Turns: 747, Time: 00:00:16

Health: -1/27      AC:  6    Str: 18    XL:     2   Next: 91%
Magic:  2/2        EV:  7    Int:  8    God:
Gold:   13         SH:  9    Dex: 10    Spells: 1/1 levels left

rFire    . . .     SeeInvis .   a - +0 war axe
rCold    . . .     Faith    .   c - +0 kite shield
rNeg     . . .     Spirit   .   b - +0 scale mail
rPois    .         Reflect  .   (no helmet)
rElec    .         Harm     .   (no cloak)
rCorr    .         Rampage  .   (no gloves)
Will     .....                  (no boots)
Stlth    ..........             (no amulet)
HPRegen  0.09/turn              (no ring)
MPRegen  0.08/turn              (no ring)

@: no status effects
A: no striking features
a: no special abilities


You were on level 1 of the Dungeon.
You visited 1 branch of the dungeon, and saw 1 of its levels.

You collected 13 gold pieces.

Inventory:

Hand Weapons
 a - a +0 war axe (weapon)
Armour
 b - a +0 scale mail (worn)
 c - a +0 kite shield (worn)
Jewellery
 e - a ring of ice
Scrolls
 f - 3 scrolls of enchant weapon {unknown}
 j - 2 scrolls of identify {unknown}
 k - a scroll of fog {unknown}
 l - 2 scrolls of teleportation {unknown}
Potions
 d - a potion of might
 g - a potion of magic {unknown}
 h - a potion of degeneration {unknown}
 i - a potion of resistance {unknown}


   Skills:
 + Level 4.0 Fighting
 * Level 4.0 Axes
 - Level 3.2 Armour
 - Level 3.2 Shields


You had one spell level left.
You didn't know any spells.
Your spell library was empty.

Dungeon Overview and Level Annotations

Branches:
Dungeon (1/15)

Altars:


Message History

Your shield and scale mail prevent you from hitting the gnoll.
The gnoll is moderately wounded.
You slash the goblin!
You kill the goblin!
The gnoll hits you with a +0 spear.
The giant cockroach bites you but does no damage.
You hit the gnoll.
The gnoll is severely wounded.
You slash the giant cockroach!
You kill the giant cockroach!
The gnoll hits you with a +0 spear.
A hobgoblin comes into view.
The gnoll hits you with a +0 spear!
Your Axes skill increases to level 4!
There are monsters nearby!
You are too injured to fight recklessly!
You are too injured to fight recklessly!
You are too injured to fight recklessly!
You are too injured to fight recklessly!
You are too injured to fight recklessly!
You are too injured to fight recklessly!
The hobgoblin shouts!
You hit the gnoll but do no damage.
The gnoll is heavily wounded.
You hit the hobgoblin. The gnoll barely misses you.
The hobgoblin barely misses you.
You barely miss the gnoll.
The gnoll is heavily wounded.
You hit the hobgoblin. You block the gnoll's attack.
The hobgoblin hits you but does no damage.
The gnoll hits you with a +0 spear. The hobgoblin hits you.
* * * LOW HITPOINT WARNING * * *
Your shield prevents you from hitting the gnoll.
The gnoll is heavily wounded.
You hit the hobgoblin.
You kill the hobgoblin!
You slash the hobgoblin!
You kill the hobgoblin!
The gnoll hits you with a +0 spear!
You die...

#.#.# .#
.... ..
###...#.###
.........
#......
#...?#
#.†g)#
#..@.# #
#+#
#.#.##.#
#.#
#......#
#.#
###.####
##.## #.#
###...##
#.#
.......#
#.#
#.#....#
#######.#
.###.#.#
#.......#


You could see a gnoll.

Vanquished Creatures
  A dart slug (D:1)
  2 giant cockroaches (D:1)
  A goblin (D:1)
  6 hobgoblins (D:1)
  2 jackals (D:1)
  A ball python (D:1)
  2 bats (D:1)
  2 frilled lizards (D:1)
  2 kobolds (D:1)
  2 rats (D:1)
21 creatures vanquished.

Notes
Turn   | Place    | Note
-------+----------+-------------------------------------------
     0 | D:1      | kae the Hill Orc Fighter began the quest for the Orb.
     0 | D:1      | Reached XP level 1. HP: 19/19 MP: 1/1
   359 | D:1      | Reached XP level 2. HP: 26/27 MP: 2/2
   747 | D:1      | Slain by a gnoll

Illustrated notes

Levels and vault maps discovered:
D:1:      lightli_arrival_boilingwater, layout_loops_corners, minmay_door_square

Skill      XL: |  1  2 |
---------------+-------+-----
Axes           | 3 4 |  4.0
Fighting       | 4 |  4.0
Armour         | |  3.2
Shields        | |  3.2

Action                   || total
-------------------------++-------
Melee: War axe           ||    53
Armor: Scale mail        ||    21
Dodge: Dodged            ||    23
Block: Kite shield       ||    35

Table legend: (Time is in decaauts)
 A = Elapsed time spent in this place.
 B = Non-inter-level travel time spent in this place.
 C = Inter-level travel time spent in this place.
 D = Time resting spent in this place.
 E = Time spent auto-exploring this place.
 F = Levels seen in this place.
 G = Mean time per level.
                   A        B        C        D        E       F      G
               +--------+--------+--------+--------+--------+-----+--------+
         Total |    779 |    779 |      0 |    100 |    539 |   1 |  779.0 |
       Dungeon |    779 |    779 |      0 |    100 |    539 |   1 |  779.0 |
               +--------+--------+--------+--------+--------+-----+--------+

Top non-repeatable levels by time:
     D:1: 779 daAuts
